 Dungeon Crawl Stone Soup version 0.30-a0-29-g142975f185 (webtiles) character file.

Game seed: 2217737942357796304

361 Shayle the Grasshopper (level 6, -1/63 HPs)
             Began as an Ogre Warper on Aug 27, 2022.
             Slain by an orc
             ... wielding a +0 hand axe
              (6 damage)
             ... on level 4 of the Dungeon.
             The game lasted 00:09:02 (5320 turns).

Shayle the Grasshopper (Ogre Warper)                Turns: 5320, Time: 00:09:02

Health: -1/63      AC:  3    Str: 15 (16) XL:     6   Next: 66%
Magic:  12/12      EV:  9    Int: 14 (16) God:
Gold:   277        SH:  0    Dex:  7 (8)  Spells: 13/13 levels left

rFire   . . .      SeeInvis .    i - +1 whip (vorpal)
rCold   . . .      Faith    .    (no shield)
rNeg    . . .      Spirit   .    b - +0 robe
rPois   .          Reflect  .    (helmet restricted)
rElec   .          Harm     .    (no cloak)
rCorr   .          Rampage  .    (gloves unavailable)
Will    .....                    (boots unavailable)
Stlth   +.........               (no amulet)
HPRegen 0.20/turn                (no ring)
MPRegen 0.13/turn                (no ring)

@: no status effects
A: large, unfitting armour, tough skin 1
a: no special abilities


You were on level 4 of the Dungeon.
You visited 1 branch of the dungeon, and saw 4 of its levels.

You collected 277 gold pieces.

Inventory:

Hand Weapons
 a - a +0 hand axe
 i - a +1 vorpal whip (weapon)
Missiles
 m - 2 curare-tipped darts (quivered)
 o - a throwing net
 q - 11 boomerangs
Armour
 b - a +0 robe (worn)
Jewellery
 n - a +4 ring of slaying
Wands
 r - a wand of mindburst (9)
Scrolls
 c - 2 scrolls of identify
 j - 2 scrolls of enchant armour
 k - 2 scrolls of teleportation
 l - a scroll of torment
Potions
 e - a potion of brilliance
 g - a potion of attraction
 h - 4 potions of mutation


   Skills:
 + Level 4.6 Fighting
 + Level 3.4 Axes
 - Level 1.0 Throwing
 - Level 2.1 Dodging
 + Level 4.0 Spellcasting
 * Level 4.6 Translocations


You had 13 spell levels left.
You didn't know any spells.
Your spell library contained the following spells:

 Spells                   Type           Power      Damage    Failure   Level
 Blink                    Tloc           30%        N/A       4%          2
 Gell's Gravitas          Tloc           15%        N/A       9%          3
 Lesser Beckoning         Tloc           15%        N/A       9%          3
 Teleport Other           Tloc           15%        N/A       9%          3
 Summon Small Mammal      Summ           8%         N/A       19%         1
 Call Canine Familiar     Summ           2%         N/A       50%         3
 Dazzling Flash           Conj/Hex       4%         N/A       50%         3
 Summon Guardian Golem    Hex/Summ       2%         N/A       50%         3
 Iskenderun's Mystic Bla  Conj/Tloc      9%         2d4       58%         4
 Manifold Assault         Tloc           15%        N/A       61%         5
 Starburst                Conj/Fire      1%         6d3       100%        6


Dungeon Overview and Level Annotations

Branches:
Dungeon (4/15)
 Temple: D:4-7

Altars:
Uskayaw


Innate Abilities, Weirdness & Mutations

You are too large for most types of armour.
You have tough skin. (AC +1)


Message History

An orc comes into view. It is wielding a +0 hand axe.
You hear a shout!
The orc wizard casts a spell at you. The puff of flame hits you!
Things that are here:
a +0 dagger; a kobold corpse An orc wizard comes into view.
It is wielding a +0 dagger.
The orc wizard points at you and mumbles some strange words.
The puff of flame hits you! The orc hits you with a +0 hand axe.
You closely miss the orc wizard.
The orc wizard hits you with a +0 dagger.
You closely miss the orc wizard.
The orc wizard mumbles some strange words.
The orc wizard flickers and vanishes!
Deactivating autopickup; reactivate with Ctrl-A.
The orc completely misses you.
You miss something. Something hits you. The orc hits you but does no damage.
The orc wizard casts a spell at you. The magic dart hits you.
You closely miss something.
You hear some strange, mumbled words.
Something tries to affect you, but you resist.
The orc hits you with a +0 hand axe. The orc wizard barely misses you.
You barely miss the orc wizard. Something hits you.
The orc hits you with a +0 hand axe.
The orc wizard hits you with a +0 dagger. x2
* * * LOW HITPOINT WARNING * * *
Something hits you but does no damage. The orc hits you with a +0 hand axe.
* * * LOW HITPOINT WARNING * * *
Unknown command.
Okay, then.
Okay, then.
You hit the orc wizard.
The orc wizard is heavily wounded.
You hear some strange, mumbled words.
A puff of flame appears from out of thin air!
The puff of flame hits you!
* * * LOW HITPOINT WARNING * * *
The orc hits you with a +0 hand axe.
You die...

#. #....# ##......###
#.#.##.#### #......#
#.#....##### #......#
#..........# #......#
###........# #......#
.###.......##
##.....# ..........##
##....### ........)##
##...... .......@##
#...... ####..o{o#
#...... #.....'.
#...... #....##...
#...... .'....+ .....
##..... ###....# ..⌠.
####.... #....####...
#.##...#
#....##.######.......
#....##.# #.#.......


You could see an orc wizard and an orc.

Vanquished Creatures
  A hound (D:3)
  An orc priest (D:4)
  An iguana (D:4)
  3 orc wizards
  4 gnolls (D:3)
  3 adders
  5 worms
  4 dart slugs
  21 orcs
  6 endoplasms
  2 giant cockroaches
  3 hobgoblins
  3 jackals (D:2)
  6 quokkas
  4 ball pythons
  7 bats
  4 frilled lizards
  6 goblins
  7 kobolds
  10 rats
101 creatures vanquished.

Notes
Turn   | Place    | Note
-------+----------+-------------------------------------------
     0 | D:1      | Shayle the Ogre Warper began the quest for the Orb.
     0 | D:1      | Reached XP level 1. HP: 22/22 MP: 3/3
   257 | D:1      | Reached XP level 2. HP: 26/29 MP: 5/5
   535 | D:1      | Found a faded altar of an unknown god.
   921 | D:1      | Reached XP level 3. HP: 29/37 MP: 7/7
  2172 | D:2      | Reached XP level 4. HP: 38/45 MP: 8/8
  2408 | D:3      | Reached XP level 5. HP: 28/54 MP: 9/9
  2654 | D:3      | Noticed a +0 dagger
  2654 | D:3      | Noticed a +0 hand axe
  2655 | D:3      | Found a hide-covered altar of Uskayaw.
  3829 | D:3      | Reached XP level 6. HP: 5/62 MP: 11/11
  5320 | D:4      | Slain by an orc

Illustrated notes

Levels and vault maps discovered:
D:1:      nagdon_arrival_double_spiral, layout_basic,
          dreamdust_ecumenical_altar_hidden_monk_grotto,
          grunt_decor_mini_mirrors, minmay_rat_gold_closets
D:2:      layout_loops_cross
D:3:      layout_loops_ring, dancing_weapons_uskayaw, hangedman_feature_mirror,
          grunt_ministairs_12
D:4:      layout_basic, grunt_temple_overflow_opulence, minmay_close_crescents

Skill      XL: |  1  2  3  4  5  6 |
---------------+-------------------+-----
Fighting       | 3 4 |  4.6
Translocations | 3 4 |  4.6
Spellcasting   | 3 4 |  4.0
Axes           | 3 |  3.4
Throwing       | |  1.0
Dodging        | |  2.1

Action                   |  1- 3 |  4- 6 || total
-------------------------+-------+-------++-------
Melee: Hand axe          |    45 |       ||    45
       Whip              |   102 |   184 ||   286
       Punch             |       |     4 ||     4
Throw: Boomerang         |       |     7 ||     7
Evoke: Wand              |       |     3 ||     3
  Use: Scroll            |     3 |     8 ||    11
       Potion            |       |     2 ||     2
 Stab: Sleeping          |     1 |       ||     1
Armor: Robe              |    58 |    53 ||   111
Dodge: Dodged            |    87 |    84 ||   171

Table legend: (Time is in decaauts)
 A = Elapsed time spent in this place.
 B = Non-inter-level travel time spent in this place.
 C = Inter-level travel time spent in this place.
 D = Time resting spent in this place.
 E = Time spent auto-exploring this place.
 F = Levels seen in this place.
 G = Mean time per level.
                   A        B        C        D        E       F      G
               +--------+--------+--------+--------+--------+-----+--------+
         Total |   5341 |   5244 |     97 |   1038 |   3206 |   4 | 1335.2 |
       Dungeon |   5341 |   5244 |     97 |   1038 |   3206 |   4 | 1335.2 |
               +--------+--------+--------+--------+--------+-----+--------+

Top non-repeatable levels by time:
     D:3: 1732 daAuts
     D:1: 1299 daAuts
     D:4: 1283 daAuts
     D:2: 1025 daAuts
